 Dungeon Crawl Stone Soup version 0.19.1 (webtiles) character file.

7625 Idleism the Slicer (level 11, -2/77 HPs)
             Began as a Halfling Fighter on Dec 6, 2016.
             Was an Elder of Okawaru.
             Slain by a two-headed ogre
             ... wielding a +0 giant spiked club
              (14 damage)
             ... on level 11 of the Dungeon.
             The game lasted 00:38:27 (9680 turns).

Idleism the Slicer (Halfling Fighter)               Turns: 9680, Time: 00:38:28

Health: -2/77      AC: 12    Str: 22    XL:     11   Next: 40%
Magic:  11/11      EV: 11    Int:  6    God:    Okawaru [****..]
Gold:   502        SH: 11    Dex: 18    Spells: 0 memorised, 10 levels left

rFire  + . .     SeeInvis +     a - +1 short sword (elec)
rCold  + + .     Gourm    .     y - +3 leather armour {rC+}
rNeg   . . .     Faith    .     c - +0 shield
rPois  +         Spirit   .     H - +2 hat
rElec  +         Reflect  .     x - +2 cloak
rCorr  +         Harm     .     (no gloves)
MR     .....                    (no boots)
Stlth  +.........               (no amulet)
                                C - ring of poison resistance
                                B - ring of see invisible

@: mighty, resistant
A: mutation resistance 1
a: Heroism, Renounce Religion


You were on level 11 of the Dungeon.
You worshipped Okawaru.
Okawaru was greatly pleased with you.
You were not hungry.

You visited 2 branches of the dungeon, and saw 12 of its levels.

You collected 529 gold pieces.
You spent 27 gold pieces at shops.

Inventory:

Hand Weapons
 a - a +1 short sword of electrocution (weapon)
 b - a +0 hunting sling
 D - a +0 dagger of protection
 L - the +0 rapier "Wuquef" {protect, Str+2}
   (You found it on level 11 of the Dungeon)

   It protects the one who uses it against injury (+AC on strike).
   It affects your strength (+2).
Missiles
 o - 138 stones (quivered)
 s - 111 sling bullets
 w - a throwing net
 K - 6 tomahawks
Armour
 c - a +0 shield (worn)
 e - +0 steam dragon scales
 j - a +0 scale mail
 r - a +0 helmet
 x - a +2 cloak (worn)
 y - a +3 leather armour of cold resistance (worn)
 H - a +2 hat (worn)
 U - +0 ice dragon scales
Rods
 E - a +2 iron rod (12/12)
   (You found it on level 7 of the Dungeon)
Jewellery
 B - a ring of see invisible (left hand)
 C - a ring of poison resistance (right hand)
 M - an uncursed ring of wizardry
 S - an uncursed ring of magical power
Wands
 m - a wand of disintegration (10/24)
Scrolls
 d - a scroll of brand weapon {unknown}
 i - 7 scrolls of remove curse
 k - 2 scrolls of amnesia
 l - 7 scrolls of identify
 n - 2 scrolls of recharging
 q - a scroll of magic mapping
 t - 4 scrolls of noise {unknown}
 v - a scroll of fog
 A - a scroll of blinking {unknown}
 F - 3 scrolls of immolation {unknown}
 J - 2 scrolls of enchant armour {unknown}
Potions
 p - 2 potions of cure mutation
 z - a potion of lignification
 N - 2 potions of resistance
Books
 O - a book of Minor Magic

   Spells                             Type                      Level
   a - Magic Dart                     Conjuration                  1
   b - Blink                          Translocation                2
   c - Call Imp                       Summoning                    2
   d - Repel Missiles                 Charms/Air                   2
   e - Slow                           Hexes                        2
   f - Conjure Flame                  Conjuration/Fire             3
   g - Mephitic Cloud                 Conjuration/Poison/Air       3
 P - a book of Changes

   Spells                             Type                      Level
   a - Beastly Appendage              Transmutation                1
   b - Sticks to Snakes               Transmutation                2
   c - Spider Form                    Transmutation/Poison         3
   d - Ice Form                       Ice/Transmutation            4
   e - Blade Hands                    Transmutation                5
Comestibles
 f - 7 bread rations
 g - 8 fruits
 h - a beef jerky
 u - 3 meat rations
 R - 14 royal jellies


   Skills:
 - Level 8.0 Fighting
 + Level 12.4 Short Blades
 - Level 7.7 Slings
 - Level 9.1 Armour
 - Level 6.1 Shields


You had 10 spell levels left.
You didn't know any spells.

Dungeon Overview and Level Annotations

Branches:
Dungeon (11/15)            Temple (1/1) D:7            Lair (0/6) D:10
    Orc (0/2) D:9

Altars:
Ashenzari
Cheibriados
Dithmenos
Elyvilon
Fedhas
Gozag
Hepliaklqana
Kikubaaqudgha
Makhleb
Nemelex Xobeh
Okawaru
Qazlal
Ru
Sif Muna
Trog
Uskayaw
Vehumet
Xom
Yredelemnul
Zin
The Shining One

Shops:
D:6 !*   D:7 }


Innate Abilities, Weirdness & Mutations

You are small and have problems with some larger weapons.
You are somewhat resistant to further mutation.


Message History

The two-headed ogre hits you with a giant spiked club!
The orc warrior hits you with a short sword!
The purple ugly thing completely misses you.
You puncture the orc wizard!
The orc wizard is almost dead.
The orc priest invokes the aid of Beogh against you.
Beogh smites you!
* * * LOW HITPOINT WARNING * * *
The orc wizard gestures at you while chanting.
The magic dart hits you!
* * * LOW HITPOINT WARNING * * *
You impale the orc wizard!!
There is a sudden explosion of sparks!
You kill the orc wizard!
Okawaru accepts your kill.
The orc warrior hits you with a short sword.
* * * LOW HITPOINT WARNING * * *
The purple ugly thing stings you but does no damage.
The two-headed ogre misses you.
The two-headed ogre hits you with a giant spiked club!
You die...

#.# #.## #†# #..##
#.# ##...## #.##
##..#..###
#####..###
#..###.u.## ##
#........## ##oY#
###O.#####.
#.........###
##FO## ##...##...
#...........##
#Ou## ##........#
#............###@##
#u.........
#.............#o)#
##..........
#...............##
##..........)
#..............##
##......)...##
###...........##
##.......##..##
###.........#
##......#######
#######...#
##.......#
##.#####......#.#
##..# ##......####


You could see a purple ugly thing, 2 two-headed ogres, an orc warrior, an ice
beast, a bullfrog and an orc priest.

Vanquished Creatures
  A queen bee (D:11)
  7 hippogriffs
  Eustachio (D:4)
  A wraith (D:10)
  3 yaks (D:10)
  A steam dragon (D:8)
  A hungry ghost (D:11)
  3 vampire mosquitoes (D:10)
  5 ice beasts
  A sky beast (D:9)
  2 orc warriors (D:8)
  The ghost of nikopol the Chopper, an amateur MiBe of Trog (D:3)
  A black bear (D:6)
  3 ogres
  2 phantoms
  An eye of draining (D:8)
  2 centaurs
  A crocodile (D:10)
  5 bullfrogs
  A wyvern skeleton (D:11)
  19 killer bees (D:11)
  6 scorpions
  6 wights
  A howler monkey (D:4)
  5 crimson imps
  A centaur zombie (D:9)
  2 bullfrog zombies (D:6)
  5 hounds
  2 jellies
  An orc priest (D:9)
  A bullfrog skeleton (D:10)
  A centaur skeleton (D:5)
  4 iguanas
  4 orc wizards
  9 worker ants
  2 hound zombies
  A hound skeleton (D:6)
  A howler monkey zombie (D:9)
  Robin (D:3)
  3 worker ant zombies
  4 gnolls (D:6)
  A river rat (D:10)
  11 adders
  2 shadow imps
  An ooze (D:1)
  An adder skeleton (D:9)
  A worm (D:3)
  2 leopard geckos
  27 orcs
  3 giant cockroaches
  13 goblins
  11 hobgoblins
  18 jackals
  6 quokkas
  7 ball pythons
  7 bats
  6 frilled lizards
  13 kobolds
  A quokka zombie (D:8)
  8 rats
  A plant (D:10)
262 creatures vanquished.

Vanquished Creatures (others)
  A ball python (D:5)
1 creature vanquished.

Grand Total: 263 creatures vanquished

Notes
Turn   | Place    | Note
-------+----------+-------------------------------------------
     0 | D:1      | Idleism the Halfling Fighter began the quest for the Orb.
     0 | D:1      | Reached XP level 1. HP: 15/15 MP: 1/1
   135 | D:1      | Reached skill level 3 in Short Blades
   137 | D:1      | Reached XP level 2. HP: 19/20 MP: 2/2
   484 | D:1      | Reached XP level 3. HP: 18/25 MP: 3/3
   649 | D:2      | Reached skill level 4 in Short Blades
   712 | D:2      | Found a sparkling altar of Nemelex Xobeh.
   712 | D:2      | Found an opulent altar of Gozag.
  1018 | D:3      | Reached XP level 4. HP: 30/30 MP: 4/4
  1034 | D:3      | Reached skill level 5 in Short Blades
  1100 | D:3      | Noticed nikopol's ghost (amateur MiBe)
  1131 | D:3      | Killed nikopol's ghost
  1131 | D:3      | Reached skill level 6 in Short Blades
  1131 | D:3      | Reached XP level 5. HP: 22/35 MP: 5/5
  1186 | D:3      | Noticed Robin
  1223 | D:3      | Killed Robin
  1605 | D:1      | Reached XP level 6. HP: 41/41 MP: 6/6
  1777 | D:3      | Reached skill level 1 in Slings
  1952 | D:3      | Found a burning altar of Makhleb.
  2548 | D:4      | Noticed Eustachio
  2549 | D:4      | Noticed an ogre
  2606 | D:4      | Killed Eustachio
  2606 | D:4      | Reached skill level 8 in Short Blades
  2606 | D:4      | Reached XP level 7. HP: 45/45 MP: 7/7
  2889 | D:4      | Reached skill level 9 in Short Blades
  3043 | D:4      | Found a glowing golden altar of the Shining One.
  3045 | D:4      | Noticed an angel
  3206 | D:4      | Found a basalt altar of Yredelemnul.
  3208 | D:4      | Noticed a profane servitor
  3278 | D:5      | Entered Level 5 of the Dungeon
  3417 | D:5      | Reached XP level 8. HP: 27/54 MP: 8/8
  3597 | D:5      | Found a white marble altar of Elyvilon.
  3909 | D:5      | Reached skill level 10 in Short Blades
  3915 | D:5      | Found a glowing silver altar of Zin.
  3917 | D:5      | Found a snail-covered altar of Cheibriados.
  3923 | D:5      | Found a sacrificial altar of Ru.
  3925 | D:5      | Found a bloodstained altar of Trog.
  3925 | D:5      | Found a hide-covered altar of Uskayaw.
  3928 | D:5      | Found a shimmering altar of Xom.
  4120 | D:6      | Found Ibofria's Distillery.
  4125 | D:6      | Bought a potion of mutation for 27 gold pieces
  4333 | D:6      | Found Muqenaf's Serpentskin Sales.
  4486 | D:6      | Reached skill level 11 in Short Blades
  4646 | D:7      | Found a staircase to the Ecumenical Temple.
  4655 | Temple   | Entered the Ecumenical Temple
  4703 | Temple   | Became a worshipper of Warmaster Okawaru
  4729 | D:7      | Found Rikoteusch's Gadget Boutique.
  4768 | D:7      | Reached XP level 9. HP: 52/58 MP: 9/9
  4849 | D:7      | Reached skill level 12 in Short Blades
  5027 | D:7      | Found a sparkling altar of Nemelex Xobeh.
  5431 | D:8      | Reached skill level 5 in Fighting
  5510 | D:8      | Reached * piety under Okawaru
  5704 | D:8      | Noticed a hippogriff
  5714 | D:8      | Killed a hippogriff
  6431 | D:8      | Reached XP level 10. HP: 64/72 MP: 0/10
  6588 | D:8      | Reached ** piety under Okawaru
  6818 | D:9      | Reached skill level 5 in Armour
  6954 | D:9      | Found a staircase to the Orcish Mines.
  7109 | D:9      | Reached *** piety under Okawaru
  7489 | D:10     | Entered Level 10 of the Dungeon
  7738 | D:10     | Found a staircase to the Lair.
  8012 | D:10     | Reached **** piety under Okawaru
  8021 | D:10     | Reached skill level 5 in Shields
  8021 | D:10     | Reached XP level 11. HP: 50/77 MP: 11/11
  8035 | D:10     | Received a gift from Okawaru
  8480 | D:11     | Got a bloodstained rapier
  8481 | D:11     | Identified the cursed +0 rapier "Wuquef" {protect, Str+2} (You found it on level 11 of the Dungeon)
  8902 | D:11     | Reached skill level 5 in Slings
  9018 | D:11     | Received a gift from Okawaru
  9199 | D:11     | Noticed a purple ugly thing
  9680 | D:11     | Slain by a two-headed ogre

Skill      XL: |  1  2  3  4  5  6  7  8  9 10 11 |
---------------+----------------------------------+-----
Short Blades   | 3 4 6 8 9 11 12 | 12.4
Slings         | 2 7 |  7.7
Fighting       | 3 4 7 8 |  8.0
Armour         | 9 |  9.1
Shields        | 5 6 |  6.1

Action                   |  1- 3 |  4- 6 |  7- 9 | 10-12 || total
-------------------------+-------+-------+-------+-------++-------
Melee: Rapier            |   107 |   108 |       |       ||   215
       Short sword       |       |    44 |   367 |   537 ||   948
 Fire: Hunting sling     |       |    13 |    24 |     8 ||    45
Invok: Heroism           |       |       |       |     1 ||     1
Evoke: Wand              |       |       |       |     2 ||     2
  Use: Potion            |       |     3 |     7 |     9 ||    19
       Scroll            |       |     2 |     8 |     3 ||    13
 Stab: Sleeping          |       |       |     1 |       ||     1
  Eat: Chunk             |       |     5 |    13 |    10 ||    28
       Beef jerky        |       |       |       |     1 ||     1
Armor: Scale mail        |    40 |    36 |       |       ||    76
       Skin              |       |     5 |       |    27 ||    32
       Leather armour    |       |       |    64 |    98 ||   162
Dodge: Dodged            |    30 |    24 |    81 |   131 ||   266
Block: Shield            |    44 |    60 |    93 |   178 ||   375
